 Dungeon Crawl Stone Soup version 0.24-a0-458-gfcb5e6da0e (webtiles) character file.

Game seed: 17370789479290901153

1614 drasked the Destroyer (level 8, 0/41 HPs)
             Began as a Deep Elf Wizard on June 27, 2019.
             Was an Initiate of Vehumet.
             Slain by a wight
             ... wielding a +4 falchion of freezing
              (1 damage)
             ... on level 6 of the Dungeon.
             The game lasted 00:22:37 (7404 turns).

drasked the Destroyer (Deep Elf Wizard)             Turns: 7404, Time: 00:22:38

Health: 0/41       AC:  4    Str:  2    XL:     8   Next: 64%
Magic:  13/17      EV: 12    Int: 26    God:    Vehumet [......]
Gold:   206        SH:  0    Dex: 13    Spells: 7/16 levels left

rFire    . . .     SeeInvis .   u - +3 rapier (holy)
rCold    . . .     Gourm    .   (no shield)
rNeg     . . .     Faith    .   a - +0 robe
rPois    +         Spirit   .   g - +0 helmet (curse)
rElec    .         Reflect  .   (no cloak)
rCorr    .         Harm     +   (no gloves)
MR       .....                  (no boots)
Stlth    ++........             d - amulet of harm
HPRegen  0.13/turn              P - ring of poison resistance {rPois, !d}
MPRegen  0.15/turn              (no ring)

@: drained
A: slimy green scales 1, deformed body, weak 1
a: Renounce Religion


You were on level 6 of the Dungeon.
You worshipped Vehumet.
Vehumet was noncommittal.
You were not hungry.

You visited 2 branches of the dungeon, and saw 7 of its levels.

You collected 206 gold pieces.

Inventory:

Hand Weapons
 j - a +2 dagger of venom
   (You took it off a goblin on level 3 of the Dungeon)
 o - the +6 falchion of Focus {slice, rF++ rC+ MR- Stlth+, unknown}
   (You found it on level 6 of the Dungeon)

   It inflicts extra damage upon your enemies.
   It greatly protects you from fire.
   It protects you from cold.
   It affects your resistance to hostile enchantments.
   It makes you more stealthy.
 u - a +3 rapier of holy wrath (weapon)
   (You took it off Eustachio on level 5 of the Dungeon)
Armour
 a - a +0 robe (worn)
 g - a cursed +0 helmet (worn)
   (You found it on level 4 of the Dungeon)
 v - a +1 pair of gloves
   (You found it on level 6 of the Dungeon)
Jewellery
 d - an amulet of harm (around neck)
   (You found it on level 4 of the Dungeon)
 P - a ring of poison resistance (left hand) {rPois, !d}
   (You found it on level 4 of the Dungeon)
Wands
 c - a wand of paralysis (2)
   (You found it on level 2 of the Dungeon)
 s - a wand of scattershot (5)
   (You took it off a hobgoblin on level 5 of the Dungeon)
Scrolls
 i - 2 scrolls of identify
 l - 2 scrolls of enchant weapon
 q - 3 scrolls of teleportation {unknown}
 r - a scroll of fog {unknown}
 w - 4 scrolls of remove curse
 x - a scroll of magic mapping {unknown}
 B - a scroll of blinking {!r!r}
Potions
 b - a potion of flight {unknown}
 f - 2 potions of mutation {!q!q}
 h - 3 potions of haste
 k - a potion of heal wounds {unknown}
 m - 2 potions of cancellation
 n - a potion of resistance
 p - a potion of might {unknown}
 t - 2 potions of curing
Comestibles
 e - 9 rations
 z - a chunk of flesh {@w0}


   Skills:
 - Level 2.4(1.4) Dodging
 - Level 2.4(1.4) Stealth
 + Level 4.9(3.9) Spellcasting
 + Level 8.5(7.4) Conjurations
   Level 1.1(0.2) Summonings
 - Level 1.1(0.2) Translocations
 - Level 7.4(6.3) Fire Magic
 - Level 2.0(1.0) Air Magic
 - Level 2.1(1.1) Poison Magic


You had 7 spell levels left.
You knew the following spells:

 Your Spells              Type           Power        Failure   Level  Hunger
a - Magic Dart            Conj           ####         1%          1    None
b - Blink                 Tloc           N/A          12%         2    None
c - Conjure Flame         Conj/Fire      #####...     1%          3    ##.....
x - Mephitic Cloud        Conj/Pois/Air  ###.....     7%          3    ##.....

Your spell library contained the following spells:

 Spells                   Type           Power        Failure   Level  Hunger
 Call Imp                 Summ           #.......     12%         2    None
 Slow                     Hex            #.......     13%         2    None


Dungeon Overview and Level Annotations

Branches:
Dungeon (6/15)             Temple (1/1) D:6

Altars:
Ashenzari
Cheibriados
Dithmenos
Elyvilon
Fedhas
Gozag
Hepliaklqana
Makhleb
Nemelex Xobeh
Okawaru
Ru
Sif Muna
Uskayaw
Vehumet
Wu Jian
Xom
Zin
The Shining One

Shops:
D:4 ?

Annotations:
D:3 3 runed translucent doors, EWolf's ghost, amateur GrFi


Innate Abilities, Weirdness & Mutations

You are partially covered in slimy green scales. (AC +2)
Armour fits poorly on your strangely shaped body.
You are weak. (Str -2)


Message History

As you open the door, it creaks loudly!
There is an open door here.
There is an open door here.
A wyvern zombie comes into view.
Aim: a wyvern zombie (heavily damaged, hasn't noticed you)
The magic dart hits the wyvern zombie.
Aim: a wyvern zombie (heavily damaged)
The magic dart hits the wyvern zombie.
Aim: a wyvern zombie (heavily damaged)
The magic dart hits the wyvern zombie.
Aim: a wyvern zombie (severely damaged)
The magic dart hits the wyvern zombie!
Aim: a wyvern zombie (almost destroyed)
The magic dart hits the wyvern zombie but does no damage.
The wyvern zombie barely misses you.
You hit the wyvern zombie but do no damage.
The wyvern zombie bites you.
You hit the wyvern zombie. The wyvern zombie bites you!
* * * LOW HITPOINT WARNING * * *
Aim: a wyvern zombie (almost destroyed)
The magic dart hits the wyvern zombie.
You destroy the wyvern zombie!
You start resting.
You start resting.
You open the door.
There is an open door here.
x - a scroll labeled XIROIR MASKUGH You open the door.
A hound comes into view.
There is an open door here.
Aim: a hound (resting)
The magic dart hits the hound.
The hound barks!
Aim: a hound (moderately wounded)
The magic dart hits the hound.
Aim: a hound (severely wounded)
The magic dart hits the hound.
You kill the hound!
You start resting.
You butcher the hound corpse.
z - a chunk of flesh {@w0} You see here a hound skeleton. x2
You open the door.
There is an open door here.
q - 3 scrolls labeled ODOICS DICUTRAE (gained 1)
You see here a ring mail.
A wight comes into view. It is wielding a +3 flail.
Aim: a wight, wielding a +3 flail and wearing a +0 robe (resting)
The magic dart hits the wight.
Aim: a wight, wielding a +3 flail and wearing a +0 robe (lightly damaged)
The magic dart hits the wight but does no damage.
Aim: a wight, wielding a +3 flail and wearing a +0 robe (lightly damaged)
The magic dart hits the wight.
Okay, then.
Okay, then.
Wield which item (- for none, * to show all)? (? for menu, Esc to quit)
Your +2 dagger of venom stops dripping with poison.
Your +3 rapier of holy wrath softly glows with a divine radiance!
u - a +3 rapier of holy wrath (weapon)
Aim: a wight, wielding a +3 flail and wearing a +0 robe (lightly damaged)
The magic dart hits the wight but does no damage.
Aim: a wight, wielding a +3 flail and wearing a +0 robe (lightly damaged)
The magic dart hits the wight but does no damage.
A wight comes into view.
It is wielding a +4 falchion of freezing.
Aim: a wight, wielding a +3 flail and wearing a +0 robe (lightly damaged)
The magic dart hits the wight.
You hit the wight but do no damage. The wight closely misses you.
You hit the wight.
The wight convulses.
The wight barely misses you.
You hit the wight but do no damage. The wight hits you with a +3 flail.
You hit the wight but do no damage. The wight hits you but does no damage.
You hit the wight but do no damage. The wight hits you with a +3 flail.
You feel drained.
The wight hits you with a +4 falchion of freezing!
* * * LOW HITPOINT WARNING * * *
The wight freezes you.
* * * LOW HITPOINT WARNING * * *
You barely miss the wight. The wight closely misses you.
The wight hits you with a +4 falchion of freezing.
* * * LOW HITPOINT WARNING * * *
You feel drained. The wight freezes you.
* * * LOW HITPOINT WARNING * * *
You hit the wight.
The wight convulses.
The wight hits you but does no damage. The wight closely misses you.
You hit the wight.
The wight convulses.
You destroy the wight!
The wight completely misses you.
You hit the wight.
The wight convulses.
The wight hits you with a +4 falchion of freezing!
* * * LOW HITPOINT WARNING * * *
You feel drained.
* * * LOW HITPOINT WARNING * * *
The wight freezes you.
* * * LOW HITPOINT WARNING * * *
The wight hits you with a +4 falchion of freezing.
* * * LOW HITPOINT WARNING * * *
You feel drained.
* * * LOW HITPOINT WARNING * * *
The wight freezes you.
You die...

...............
...............
##.###..####.## z#
######.###..####.#. ...
.....#.......#...#. ...
.....'...[...#...#. #..
#####..###.###..#.
.##...######..###.####+##
.......)@.......#.......#
.......z........#.......#
#########################


You could see a wight.

Levels and vault maps discovered:
D:1:      dpeg_arrival_water_temple_mockup, layout_basic
D:2:      layout_loops_ring, first_ration, minmay_misc_feat_pillars,
          kennysheep_doodads, elyvilon_altar_3
D:3:      layout_rooms, serial_co_window_serial, co_window_of_opportunity_a,
          co_window_cross_1, co_window_paths_b, co_window_paths_b,
          co_window_paths_a, co_window_paths_a, co_window_corner_b,
          co_window_of_opportunity_b, co_window_corner_ca, co_window_corner_b,
          ebering_ghost_rock_garden, okawaru_trees_1
D:4:      layout_basic, serial_shops, shop
D:5:      layout_loops_ring, minitemple, uniq_eustachio
D:6:      layout_gridville, minmay_temple_entry_statues_fountains,
          uniq_menkaure, uniq_pikel, uniq_duvessa
Temple:   nicolae_temple_figure_zero

Notes
Turn   | Place    | Note
-------+----------+-------------------------------------------
     0 | D:1      | drasked the Deep Elf Wizard began the quest for the Orb.
     0 | D:1      | Reached XP level 1. HP: 10/10 MP: 7/7
    52 | D:1      | Identified a cursed -1 whip
   124 | D:1      | Identified a +0 club
   331 | D:1      | Reached skill level 2 in Conjurations
   357 | D:1      | Identified a cursed -1 robe (You found it on level 1 of the
                  | Dungeon)
   387 | D:1      | Identified a +0 dagger
   390 | D:1      | Reached XP level 2. HP: 15/15 MP: 5/9
   527 | D:1      | Identified a +0 dagger
   750 | D:1      | Identified a +0 club
   768 | D:1      | Identified a +0 club
   786 | D:1      | Identified a +0 club
   803 | D:1      | Reached skill level 3 in Conjurations
  1091 | D:1      | Identified a scroll of amnesia
  1092 | D:1      | Identified a scroll of random uselessness
  1093 | D:1      | Identified a scroll of identify
  1093 | D:1      | Identified 2 potions of haste
  1094 | D:1      | Identified a scroll of blinking
  1095 | D:1      | Identified a scroll of enchant weapon
  1198 | D:2      | Found a white marble altar of Elyvilon.
  1403 | D:2      | Reached XP level 3. HP: 12/19 MP: 4/10
  1404 | D:2      | Identified 3 potions of mutation
  1404 | D:2      | Gained mutation: Armour fits poorly on your strangely
                  | shaped body. [potion of mutation]
  1404 | D:2      | Gained mutation: You are weak. (Str -2) [potion of
                  | mutation]
  1404 | D:2      | Gained mutation: You are partially covered in slimy green
                  | scales. (AC +2) [potion of mutation]
  1405 | D:2      | Identified a potion of ambrosia
  1817 | D:2      | Reached skill level 4 in Conjurations
  2084 | D:2      | Identified 2 scrolls of remove curse
  2096 | D:2      | Identified a +0 robe
  2129 | D:3      | Identified a +0 dagger
  2151 | D:3      | Identified a +0 dagger
  2246 | D:3      | Found a runed translucent gate.
  2246 | D:3      | Noticed EWolf's ghost (amateur GrFi)
  2248 | D:3      | Found a runed translucent gate.
  2249 | D:3      | Found a runed translucent gate.
  2263 | D:3      | Identified a +2 dagger of venom
  2332 | D:3      | Reached XP level 4. HP: 24/24 MP: 12/12
  2336 | D:3      | Learned a level 2 spell: Blink
  2340 | D:3      | Learned a level 3 spell: Conjure Flame
  2344 | D:3      | Learned a level 3 spell: Mephitic Cloud
  2399 | D:3      | Identified a +0 war axe
  2399 | D:3      | Identified a +0 leather armour
  2438 | D:3      | Found an iron altar of Okawaru.
  2503 | D:3      | Identified a +0 dagger
  2514 | D:3      | Identified a +0 dagger
  2647 | D:3      | Reached skill level 1 in Poison Magic
  2767 | D:3      | Reached skill level 1 in Fire Magic
  2786 | D:3      | Identified a +0 club
  3143 | D:4      | Found Vavvarch's Magic Scroll Emporium.
  3148 | D:4      | HP: 3/24 [worker ant (5)]
  3149 | D:4      | Reached skill level 1 in Air Magic
  3149 | D:4      | Reached XP level 5. HP: 3/28 MP: 7/13
  3418 | D:4      | Identified 2 potions of degeneration
  3419 | D:4      | Identified a potion of resistance
  3420 | D:4      | Identified 2 potions of cancellation
  3453 | D:4      | Identified a cursed +0 helmet (You found it on level 4 of
                  | the Dungeon)
  3455 | D:4      | Identified an amulet of harm (You found it on level 4 of
                  | the Dungeon)
  3618 | D:4      | Identified a +0 hand axe
  3618 | D:4      | Identified a +0 leather armour
  3894 | D:4      | Identified a +0 club
  3924 | D:4      | Reached skill level 2 in Fire Magic
  3924 | D:4      | Reached skill level 2 in Poison Magic
  4131 | D:4      | Identified a +0 falchion
  4131 | D:4      | Identified a +0 leather armour
  4138 | D:4      | Identified a +0 leather armour
  4238 | D:4      | Reached skill level 2 in Air Magic
  4482 | D:4      | Reached skill level 3 in Fire Magic
  4824 | D:4      | Identified a ring of poison resistance (You found it on
                  | level 4 of the Dungeon)
  4836 | D:5      | Entered Level 5 of the Dungeon
  4866 | D:5      | Identified a +0 shortbow
  4866 | D:5      | Noticed a centaur
  4875 | D:5      | Killed a centaur
  4875 | D:5      | Reached skill level 4 in Fire Magic
  4875 | D:5      | Reached XP level 6. HP: 27/32 MP: 11/14
  5084 | D:5      | Identified a +3 rapier of holy wrath
  5084 | D:5      | Identified a +0 leather armour
  5084 | D:5      | Noticed Eustachio
  5111 | D:5      | Reached skill level 5 in Fire Magic
  5312 | D:5      | Noticed a sky beast
  5324 | D:5      | Killed a sky beast
  5324 | D:5      | Reached XP level 7. HP: 36/36 MP: 10/15
  5396 | D:5      | Found a shattered altar of Ashenzari.
  5399 | D:5      | Found a sparkling altar of Nemelex Xobeh.
  5401 | D:5      | Found a snail-covered altar of Cheibriados.
  5404 | D:5      | Found a radiant altar of Vehumet.
  5404 | D:5      | Found an ornate altar of the Wu Jian Council.
  5404 | D:5      | Found a glowing silver altar of Zin.
  5405 | D:5      | Found a sacrificial altar of Ru.
  5406 | D:5      | Found an iron altar of Okawaru.
  5409 | D:5      | Found a glowing golden altar of the Shining One.
  5412 | D:5      | Became a worshipper of Vehumet
  5447 | D:5      | Identified a cursed +0 club
  5630 | D:5      | Killed Eustachio
  5630 | D:5      | Reached skill level 6 in Fire Magic
  5804 | D:6      | Identified a +0 mace
  5804 | D:6      | Identified a +0 chain mail
  5804 | D:6      | Identified a +0 dagger
  5804 | D:6      | Identified a +0 robe
  5808 | D:6      | Identified a +0 whip
  5825 | D:6      | Reached skill level 7 in Fire Magic
  6056 | D:6      | Identified a +1 whip of flaming
  6056 | D:6      | Identified a +0 robe
  6056 | D:6      | Noticed Pikel
  6075 | D:6      | Killed Pikel
  6075 | D:6      | Reached skill level 7 in Conjurations
  6075 | D:6      | Reached XP level 8. HP: 19/41 MP: 13/16
  6277 | D:6      | Identified a +0 dagger
  6277 | D:6      | Identified a +0 robe
  6277 | D:6      | Noticed Dowan
  6280 | D:6      | Identified a +0 short sword
  6280 | D:6      | Identified a +0 leather armour
  6280 | D:6      | Noticed Duvessa
  6292 | D:6      | Killed Dowan
  6308 | D:6      | HP: 4/41 [Duvessa/+0 short sword (18)]
  6308 | D:6      | HP: 1/41 [Duvessa/+0 short sword (3)]
  6581 | D:6      | HP: 7/41 [Duvessa/+0 short sword (10)]
  6587 | D:6      | Identified a +0 giant club
  6876 | D:6      | Killed Duvessa
  6876 | D:6      | Reached skill level 8 in Conjurations
  6952 | D:6      | Found a staircase to the Ecumenical Temple.
  6960 | D:6      | Got a translucent falchion
  6972 | Temple   | Entered the Ecumenical Temple
  7387 | D:6      | Identified a +3 flail
  7387 | D:6      | Identified a +0 robe
  7393 | D:6      | Identified a +4 falchion of freezing
  7393 | D:6      | Identified a +0 robe
  7404 | D:6      | HP: 9/41 [wight/+4 falchion of freezing (2)]
  7404 | D:6      | HP: 2/41 [wight/+4 falchion of freezing (6)]
  7404 | D:6      | Slain by a wight

Table legend:
 A = Turns spent in this place as a percentage of turns spent in the entire game.
 B = Non-inter-level travel turns spent in this place as a percentage of non-inter-level travel turns spent in the entire game.
 C = Inter-level travel turns spent in this place as a percentage of turns spent in this place.
 D = Turns resting spent in this place as a percentage of non-inter-level travel turns spent in this place.
 E = Turns spent auto-exploring this place as a percentage of non-inter-level travel turns spent in this place.
 F = Non-inter-level travel turns spent in this place divided by the number of levels of this place that you've seen.
                   A       B       C       D       E      F
               +-------+-------+-------+-------+-------+----------------------
         Total | 100.0 | 100.0 |   3.0 |  45.4 |  42.2 | 1026.4
       Dungeon |  98.4 |  98.4 |   2.9 |  46.1 |  41.3 | 1178.7
        Temple |   1.6 |   1.6 |   7.4 |   3.5 |  94.7 | 113.0
               +-------+-------+-------+-------+-------+----------------------

Table legend:
 A = Kills in this place as a percentage of kills in entire the game.
 B = Kills by you in this place as a percentage of kills by you in the entire game.
 C = Kills by friends in this place as a percentage of kills by friends in the entire game.
 D = Other kills in this place as a percentage of other kills in the entire game.
 E = Experience gained in this place as a percentage of experience gained in the entire game.
 F = Experience gained in this place divided by the number of levels of this place that you have seen.
                   A       B       C       D       E      F
               +-------+-------+-------+-------+-------+----------------------
         Total | 100.0 | 100.0 |   N/A | 100.0 | 100.0 | 329.4
       Dungeon | 100.0 | 100.0 |   N/A | 100.0 | 100.0 | 384.3
               +-------+-------+-------+-------+-------+----------------------

Skill      XL: |  1  2  3  4  5  6  7  8 |
---------------+-------------------------+-----
Conjurations   | 2 3 4 7 8 |  8.5
Poison Magic   | 1 2 |  2.1
Fire Magic     | 1 4 5 7 |  7.4
Air Magic      | 1 2 |  2.0
Dodging        | |  2.4
Stealth        | |  2.4
Spellcasting   | |  4.9
Summonings     | |  1.1
Translocations | |  1.1

Action                   |  1- 3 |  4- 6 |  7- 9 || total
-------------------------+-------+-------+-------++-------
Melee: Unarmed           |     1 |       |       ||     1
       Dagger            |     7 |    22 |    34 ||    63
       Rapier            |       |       |     9 ||     9
Throw: Stone             |     9 |     4 |       ||    13
 Cast: Magic Dart        |    73 |    99 |    55 ||   227
       Mephitic Cloud    |       |     4 |     8 ||    12
  Use: Scroll            |     6 |     4 |       ||    10
       Potion            |     2 |       |       ||     2
 Stab: Confused          |       |     2 |     3 ||     5
  Eat: Chunk             |     4 |     9 |     4 ||    17
       Ration            |       |       |     1 ||     1
Armor: Robe              |     2 |     5 |     4 ||    11
Dodge: Dodged            |    13 |    26 |    18 ||    57

Vanquished Creatures
  Pikel (D:6)
  Eustachio (D:5)
  Duvessa (D:6)
  An orc warrior (D:6)
  A sky beast (D:5)
  An ogre (D:6)
  A centaur (D:5)
  A bullfrog (D:5)
  A wyvern zombie (D:6)
  Dowan (D:6)
  A wight (D:6)
  2 hounds
  An orc wizard (D:6)
  A bullfrog skeleton (D:4)
  4 worker ants
  A hound skeleton (D:5)
  6 adders
  A shadow imp (D:6)
  2 oozes
  3 worms
  A dart slug (D:1)
  4 leopard geckos
  9 orcs
  A bat (D:3)
  3 giant cockroaches
  9 goblins
  6 hobgoblins
  2 jackals (D:3)
  9 kobolds
  A quokka (D:2)
  4 frilled lizards
  A jackal zombie (D:6)
  A leopard gecko zombie (D:5)
  6 rats
89 creatures vanquished.

Vanquished Creatures (others)
  3 slaves (D:6)
  An ice beast (D:6)
  A worm (D:6)
5 creatures vanquished.

Grand Total: 94 creatures vanquished
